 Dungeon Sprint DCSS version 0.17-a0-1691-g18a3847 (webtiles) character file.

62523 Kidiri the Unseen (level 13, -9/82 HPs)
             Began as a Spriggan Enchanter on Aug 20, 2015.
             Was the Champion of Dithmenos.
             Killed by divine providence
             ... invoked by a deep elf priest
              (11 damage)
             ... in the Dungeon (Sprint III: "The Ten Rune Challenge").
             The game lasted 00:21:51 (4364 turns).

Kidiri the Unseen (Spriggan Enchanter)              Turns: 4364, Time: 00:21:51

Health: -9/82      AC:  4    Str:  9    XL:     13   Next: 42%
Magic:  18/34      EV: 35    Int: 19    God:    Dithmenos [******]
Gold:   6846       SH:  0    Dex: 19    Spells: 16 memorised, 5 levels left

rFire  . . .     SeeInvis +     p - +1 dagger (elec)
rCold  . . .     Clarity  .     b - +1 robe
rNeg   . . .     SustAt   .     (shield restricted)
rPois  .         Gourm    .     u - +1 hat {MR+}
rElec  .         Spirit   .     (no cloak)
rCorr  .         Warding  .     (gloves unavailable)
rMut   .         NoTele   +     (boots unavailable)
MR     +++..                    (no amulet)
Stlth  ..........               (no ring)
                                (no ring)

@: berserking, wreathed by umbra, very quick, extremely resistant to hostile
enchantments, extremely unstealthy
A: unfitting armour, see invisible, herbivore 3, speed 3, slow metabolism 2
a: Shadow Step, Shadow Form, Renounce Religion
}: 2/10 runes: serpentine, barnacled


You were in the Dungeon.
You worshipped Dithmenos.
Dithmenos was exalted by your worship.
You were not hungry.

You visited 1 branch You collected 7026 gold pieces.
You spent 180 gold pieces at shops.

Inventory:

Hand weapons
 p - a +1 dagger of electrocution (weapon)
Missiles
 m - 10 throwing nets (quivered)
Armour
 b - a +1 robe (worn)
 u - a +1 hat of magic resistance (worn)
Scrolls
 j - a scroll of blinking
 l - 2 scrolls of holy word
 n - 2 scrolls of remove curse
 v - a scroll of identify
Potions
 d - a potion of might
 e - a potion of cure mutation
 g - a potion of haste
 h - 2 potions of magic
 k - a potion of ambrosia
 q - 2 potions of flight
 s - 5 potions of curing
Comestibles
 o - 22 royal jellies
 r - 8 fruits


   Skills:
 + Level 11.1 Short Blades
 * Level 19.2 Dodging
 * Level 20.4 Stealth
 * Level 16.4 Spellcasting
 + Level 7.3 Conjurations
 + Level 12.3 Hexes
 + Level 12.5 Charms
 + Level 7.5 Summonings
 + Level 12.5 Translocations
 + Level 8.3 Ice Magic
 + Level 8.1 Air Magic
 + Level 8.8 Poison Magic
 - Level 2.8 Invocations


You had 5 spell levels left.
You knew the following spells:

 Your Spells              Type           Power        Failure   Level  Hunger
a - Corona                Hex            ######.      1%          1    None
b - Ensorcelled Hibernat  Hex/Ice        ######       1%          2    None
c - Confuse               Hex            ######..     1%          3    None
d - Tukima's Dance        Hex            ######..     1%          3    None
e - Dazzling Spray        Conj/Hex       ######..     1%          3    None
f - Magic Dart            Conj           ####         1%          1    None
g - Slow                  Hex            ######..     1%          2    None
h - Blink                 Tloc           N/A          1%          2    None
i - Call Imp              Summ           #####...     1%          2    None
j - Repel Missiles        Chrm/Air       ######       1%          2    None
k - Mephitic Cloud        Conj/Pois/Air  #####...     1%          3    None
l - Summon Small Mammal   Summ           ####         1%          1    None
m - Summon Guardian Gole  Hex/Summ       ######..     1%          3    None
n - Call Canine Familiar  Summ           #####...     1%          3    None
o - Summon Ice Beast      Ice/Summ       #####...     1%          4    None
p - Summon Lightning Spi  Summ/Air       #####...     1%          4    None


Dungeon Overview and Level Annotations

Branches:
Dungeon (1/1)

Altars:
Cheibriados
Dithmenos
Elyvilon
Fedhas
Gozag
Kikubaaqudgha
Makhleb
Nemelex Xobeh
Okawaru
Qazlal
Ru
Sif Muna
Trog
Vehumet
Xom
Yredelemnul
Zin
The Shining One
Jiyva
Lugonu

Shops:
D =(?[}%*


Innate Abilities, Weirdness & Mutations

You are tiny and cannot use many weapons and most armour.
You have supernaturally acute eyesight.
You are a herbivore.
You cover ground extremely quickly.
You need consume almost no food.


Message History

Drink which item? (? for menu, Esc to quit)
A red film seems to cover your vision as you go berserk!
You feel yourself moving faster!
You feel mighty! The deep elf priest misses you.
The deep elf priest completely misses you.
You puncture the deep elf priest!
The deep elf priest is heavily wounded.
Your shadow barely misses the deep elf priest.
The deep elf priest completely misses you.
You closely miss the deep elf priest.
The deep elf priest is heavily wounded.
You puncture the deep elf priest!
The deep elf priest is severely wounded.
The deep elf priest utters a dark prayer and points at you.
Your life force is offered up.
* * * LOW HITPOINT WARNING * * *
You emit a cloud of dark smoke.
The deep elf priest is healed.
The deep elf priest invokes the aid of its god against you.
Something smites you!
You die...

▓▓▓▓▓▓ ▓▓▓▓▓
#####....###...#######
[#__#####...#..'.#§§.#
:#._#.........##.#§§§##≈
##+##.)).....∩##.#.§.≈≈≈
....#.))......##e#§§.##≈
....#))#.#.#.###@ee..#
###'#)#.#.###.########
#...#'###########################
#...#....#)#)#)....#......+...≈≈#
#...##.#.)#.##.###.#......#%..≈≈#
#...'##.#.#.##.#.)##......#...≈≈≈
+...#...#..#..##..'.......#...≈≈≈
▓▓▓▓▓▓▓▓▓▓▓▓▓▓▓▓▓▓#.......#......
♣≈≈≈........≈≈≈...#.......#......


You could see 3 deep elf priests.

Vanquished Creatures
  Rupert (D)
  Polyphemus (D)
  Gastronok (D)
  A greater naga (D)
  Ilsuiw (D)
  Maud (D)
  2 dire elephants (D)
  A merfolk javelineer (D)
  Erolcha (D)
  2 hydras (D)
  A naga warrior (D)
  4 death yaks (D)
  3 anacondas (D)
  A sea snake (D)
  A spriggan druid (D)
  A death drake (D)
  A lindwurm (D)
  An orc sorcerer (D)
  2 deep elf conjurers (D)
  7 black mambas (D)
  2 elephants (D)
  A guardian serpent (D)
  2 spiny frogs (D)
  A deep elf priest (D)
  A fire drake (D)
  A komodo dragon (D)
  3 wandering mushrooms (D)
  A queen bee (D)
  2 trapdoor spiders (D)
  8 blink frogs (D)
  4 redbacks (D)
  2 spriggans (D)
  A shadow (D)
  2 hill giants (D)
  A spatial vortex (D)
  8 water moccasins (D)
  2 nagas (D)
  4 orc warriors (D)
  A swamp drake (D)
  A necrophage (D)
  2 brain worms (D)
  3 two-headed ogres (D)
  A water elemental (D)
  32 killer bees (D)
  A jelly (D)
  A wizard (D)
  2 orc wizards (D)
  A necromancer (D)
  3 sheep (D)
  A kobold demonologist (D)
  3 humans (D)
  2 adders (D)
  2 oozes (D)
  A phantom (D)
  5 orcs (D)
  2 rats (D)
  14 plants (D)
158 creatures vanquished.

Vanquished Creatures (collateral kills)
  An orc knight (D)
  An orc sorcerer (D)
  4 orcs (D)
6 creatures vanquished.

Vanquished Creatures (others)
  2 draconian scorchers (D)
  A dancing weapon (D)
  3 yaktaurs (D)
  An electric eel (D)
7 creatures vanquished.

Grand Total: 171 creatures vanquished

Notes
Turn   | Place    | Note
--------------------------------------------------------------
     0 | D        | Kidiri the Spriggan Enchanter began the quest for the Orb.
     0 | D        | Reached XP level 1. HP: 9/9 MP: 5/5
     9 | D        | Reached skill level 5 in Stealth
    11 | D        | Reached XP level 2. HP: 13/13 MP: 5/7
    15 | D        | Learned a level 2 spell: Ensorcelled Hibernation
    59 | D        | Killed a yaktaur
    68 | D        | Reached skill level 5 in Dodging
    68 | D        | Reached skill level 6 in Stealth
    68 | D        | Reached XP level 3. HP: 8/16 MP: 5/10
    75 | D        | Learned a level 3 spell: Confuse
    79 | D        | Learned a level 3 spell: Tukima's Dance
    99 | D        | Gained mutation: You have a pair of small horns on your head. [potion of mutation]
   100 | D        | Gained mutation: You are clumsy. (Dex -2) [potion of mutation]
   100 | D        | Gained mutation: Armour fits poorly on your strangely shaped body. [potion of mutation]
   101 | D        | Lost mutation: You are clumsy. (Dex -2) [potion of cure mutation]
   101 | D        | Lost mutation: Armour fits poorly on your strangely shaped body. [potion of cure mutation]
   101 | D        | Lost mutation: You have a pair of small horns on your head. [potion of cure mutation]
   178 | D        | Killed a yaktaur
   178 | D        | Killed a white draconian scorcher
   205 | D        | Killed a white draconian scorcher
   237 | D        | Noticed a water elemental
   253 | D        | Killed a water elemental
   253 | D        | Reached skill level 7 in Stealth
   253 | D        | Reached skill level 5 in Spellcasting
   253 | D        | Reached skill level 5 in Hexes
   253 | D        | Reached skill level 1 in Ice Magic
   253 | D        | Reached XP level 4. HP: 14/21 MP: 9/12
   262 | D        | Learned a level 3 spell: Dazzling Spray
   416 | D        | Noticed a jelly
   417 | D        | Noticed a shadow
   474 | D        | Killed a shadow
   474 | D        | Reached skill level 8 in Dodging
   474 | D        | Reached skill level 9 in Stealth
   474 | D        | Reached skill level 1 in Conjurations
   474 | D        | Reached XP level 5. HP: 10/24 MP: 2/15
   633 | D        | Killed a jelly
   691 | D        | Found a stormy altar of Qazlal.
   691 | D        | Found a sacrificial altar of Ru.
   691 | D        | Found a burning altar of Makhleb.
   691 | D        | Found a shimmering altar of Xom.
   691 | D        | Noticed a spatial vortex
   692 | D        | Found a viscous altar of Jiyva.
   692 | D        | Found a shadowy altar of Dithmenos.
   692 | D        | Found a sparkling altar of Nemelex Xobeh.
   692 | D        | Found a corrupted altar of Lugonu.
   692 | D        | Found an opulent altar of Gozag.
   693 | D        | Killed a spatial vortex
   693 | D        | Reached skill level 10 in Stealth
   693 | D        | Reached XP level 6. HP: 28/28 MP: 16/18
   697 | D        | Became a worshipper of Dithmenos the Shadowed
   723 | D        | Found a radiant altar of Vehumet.
   724 | D        | Found a deep blue altar of Sif Muna.
   724 | D        | Found an ancient bone altar of Kikubaaqudgha.
   724 | D        | Noticed a wizard
   725 | D        | Killed a wizard
   727 | D        | Reached skill level 11 in Stealth
   741 | D        | Learned a level 2 spell: Slow
   743 | D        | Learned a level 1 spell: Magic Dart
   746 | D        | Learned a level 2 spell: Blink
   749 | D        | Learned a level 2 spell: Call Imp
   752 | D        | Learned a level 2 spell: Repel Missiles
   757 | D        | Found a glowing silver altar of Zin.
   758 | D        | Found a glowing golden altar of the Shining One.
   758 | D        | Found a white marble altar of Elyvilon.
   758 | D        | Noticed a deep elf priest
   760 | D        | Killed a deep elf priest
   760 | D        | Reached skill level 5 in Short Blades
   760 | D        | Reached skill level 10 in Dodging
   760 | D        | Reached skill level 1 in Summonings
   760 | D        | Reached skill level 1 in Air Magic
   760 | D        | Reached skill level 1 in Invocations
   760 | D        | Reached XP level 7. HP: 32/32 MP: 20/20
   771 | D        | Found an iron altar of Okawaru.
   772 | D        | Found a bloodstained altar of Trog.
   772 | D        | Noticed a human
   772 | D        | Noticed a human
   777 | D        | Killed a human
   777 | D        | Reached skill level 12 in Stealth
   778 | D        | Killed a human
   792 | D        | Learned a level 3 spell: Mephitic Cloud
   830 | D        | Found a basalt altar of Yredelemnul.
   830 | D        | Found a snail-covered altar of Cheibriados.
   830 | D        | Found a blossoming altar of Fedhas.
   830 | D        | Noticed a necrophage
   830 | D        | Noticed a necromancer
   832 | D        | Killed a necrophage
   832 | D        | Acquired Dithmenos's first power
   832 | D        | Reached XP level 8. HP: 36/36 MP: 22/22
   833 | D        | Killed a necromancer
   860 | D        | Noticed a two-headed ogre
   860 | D        | Noticed a two-headed ogre
   864 | D        | Killed a two-headed ogre
   866 | D        | Killed a two-headed ogre
   866 | D        | Reached skill level 1 in Poison Magic
   872 | D        | Learned a level 1 spell: Summon Small Mammal
   872 | D        | Noticed a two-headed ogre
   873 | D        | Killed a two-headed ogre
   873 | D        | Acquired Dithmenos's second power
   979 | D        | Noticed a hill giant
   982 | D        | Killed a hill giant
   987 | D        | Noticed a hill giant
   987 | D        | Noticed Erolcha
   990 | D        | Killed Erolcha
   990 | D        | Reached skill level 13 in Stealth
   990 | D        | Reached skill level 10 in Spellcasting
   990 | D        | Reached skill level 5 in Charms
   990 | D        | Reached skill level 5 in Translocations
   990 | D        | Reached XP level 9. HP: 39/39 MP: 18/24
   993 | D        | Killed a hill giant
  1043 | D        | Noticed a redback
  1046 | D        | Killed a redback
  1070 | D        | Learned a level 3 spell: Summon Guardian Golem
  1083 | D        | Noticed a trapdoor spider
  1086 | D        | Killed a trapdoor spider
  1088 | D        | Noticed a trapdoor spider
  1093 | D        | Killed a trapdoor spider
  1093 | D        | Acquired Dithmenos's third power
  1093 | D        | Reached skill level 14 in Stealth
  1281 | D        | Noticed a killer bee
  1281 | D        | Noticed a killer bee
  1281 | D        | Noticed a killer bee
  1281 | D        | Noticed a killer bee
  1281 | D        | Noticed a killer bee
  1281 | D        | Noticed a killer bee
  1281 | D        | Noticed a killer bee
  1281 | D        | Noticed a killer bee
  1281 | D        | Noticed a killer bee
  1281 | D        | Noticed a killer bee
  1281 | D        | Noticed a killer bee
  1281 | D        | Noticed a queen bee
  1281 | D        | Noticed a killer bee
  1281 | D        | Noticed a killer bee
  1281 | D        | Noticed a killer bee
  1282 | D        | Noticed a killer bee
  1282 | D        | Noticed a killer bee
  1282 | D        | Noticed a killer bee
  1282 | D        | Noticed a killer bee
  1282 | D        | Noticed a killer bee
  1282 | D        | Noticed a killer bee
  1282 | D        | Noticed a killer bee
  1282 | D        | Noticed a killer bee
  1282 | D        | Noticed a killer bee
  1282 | D        | Noticed a killer bee
  1282 | D        | Noticed a killer bee
  1282 | D        | Noticed a killer bee
  1282 | D        | Noticed a killer bee
  1282 | D        | Noticed a killer bee
  1282 | D        | Noticed a killer bee
  1282 | D        | Noticed a killer bee
  1282 | D        | Noticed a killer bee
  1282 | D        | Noticed a killer bee
  1285 | D        | Killed a killer bee
  1287 | D        | Killed a killer bee
  1289 | D        | Killed a killer bee
  1291 | D        | Killed a killer bee
  1291 | D        | Reached skill level 5 in Ice Magic
  1295 | D        | Killed a killer bee
  1297 | D        | Killed a killer bee
  1297 | D        | Acquired Dithmenos's fourth power
  1299 | D        | Killed a killer bee
  1301 | D        | Killed a killer bee
  1305 | D        | Killed a killer bee
  1307 | D        | Killed a killer bee
  1465 | D        | Killed a killer bee
  1468 | D        | Killed a killer bee
  1470 | D        | Killed a killer bee
  1472 | D        | Killed a killer bee
  1475 | D        | Killed a killer bee
  1477 | D        | Killed a killer bee
  1479 | D        | Killed a killer bee
  1483 | D        | Killed a killer bee
  1496 | D        | Killed a killer bee
  1501 | D        | Killed a killer bee
  1502 | D        | Killed a killer bee
  1701 | D        | Killed a killer bee
  1702 | D        | Killed a killer bee
  1705 | D        | Killed a killer bee
  1707 | D        | Killed a killer bee
  1709 | D        | Killed a killer bee
  1711 | D        | Killed a killer bee
  1711 | D        | Reached XP level 10. HP: 44/44 MP: 13/26
  1713 | D        | Killed a killer bee
  1716 | D        | Killed a killer bee
  1718 | D        | Killed a killer bee
  1720 | D        | Killed a killer bee
  1722 | D        | Killed a killer bee
  1725 | D        | Killed a queen bee
  1837 | D        | Killed an electric eel
  1871 | D        | Learned a level 3 spell: Call Canine Familiar
  1873 | D        | Noticed a wandering mushroom
  1874 | D        | Noticed a wandering mushroom
  1874 | D        | Noticed a wandering mushroom
  1875 | D        | Killed a wandering mushroom
  1875 | D        | Reached skill level 15 in Stealth
  1877 | D        | Killed a wandering mushroom
  1878 | D        | Killed a wandering mushroom
  1915 | D        | Noticed a spiny frog
  1915 | D        | Noticed a komodo dragon
  1915 | D        | Noticed a spiny frog
  2087 | D        | Killed a yaktaur
  2092 | D        | Killed a spiny frog
  2093 | D        | Killed a spiny frog
  2094 | D        | Killed a komodo dragon
  2158 | D        | Noticed a redback
  2160 | D        | Killed a redback
  2160 | D        | Reached skill level 5 in Poison Magic
  2161 | D        | Noticed a brain worm
  2165 | D        | Killed a brain worm
  2168 | D        | Noticed a brain worm
  2170 | D        | Killed a brain worm
  2179 | D        | Noticed a lindwurm
  2181 | D        | Noticed a redback
  2182 | D        | Killed a lindwurm
  2182 | D        | Reached skill level 5 in Conjurations
  2184 | D        | Killed a redback
  2189 | D        | Noticed a redback
  2190 | D        | Killed a redback
  2191 | D        | Noticed Maud
  2193 | D        | Killed Maud
  2193 | D        | Reached skill level 15 in Dodging
  2193 | D        | Reached skill level 16 in Stealth
  2193 | D        | Reached skill level 5 in Air Magic
  2193 | D        | Reached XP level 11. HP: 47/47 MP: 28/28
  2295 | D        | Learned a level 4 spell: Summon Ice Beast
  2297 | D        | Noticed an eight-headed hydra
  2297 | D        | Noticed a four-headed hydra
  2299 | D        | Killed an eight-headed hydra
  2300 | D        | Killed a four-headed hydra
  2300 | D        | Reached skill level 10 in Hexes
  2300 | D        | Reached skill level 5 in Summonings
  2325 | D        | Noticed a death drake
  2328 | D        | Killed a death drake
  2530 | D        | Found a blossoming altar of Fedhas.
  2530 | D        | Noticed a spriggan
  2530 | D        | Noticed a spriggan druid
  2530 | D        | Noticed a spriggan
  2532 | D        | Killed a spriggan druid
  2533 | D        | Killed a spriggan
  2534 | D        | Killed a spriggan
  2559 | D        | Noticed a water moccasin
  2560 | D        | Noticed a water moccasin
  2560 | D        | Killed a water moccasin
  2562 | D        | Killed a water moccasin
  2563 | D        | Noticed a black mamba
  2563 | D        | Noticed a water moccasin
  2566 | D        | Noticed an anaconda
  2567 | D        | Killed a black mamba
  2567 | D        | Reached skill level 17 in Stealth
  2568 | D        | Killed a water moccasin
  2572 | D        | Killed an anaconda
  2620 | D        | Noticed a water moccasin
  2620 | D        | Noticed a black mamba
  2620 | D        | Noticed a water moccasin
  2620 | D        | Noticed a water moccasin
  2620 | D        | Noticed a black mamba
  2620 | D        | Noticed an anaconda
  2621 | D        | Killed a water moccasin
  2623 | D        | Killed an anaconda
  2625 | D        | Killed a black mamba
  2626 | D        | Killed a black mamba
  2628 | D        | Killed a water moccasin
  2634 | D        | Killed a water moccasin
  2661 | D        | Noticed a water moccasin
  2662 | D        | Noticed a water moccasin
  2664 | D        | Killed a water moccasin
  2666 | D        | Killed a water moccasin
  2668 | D        | Noticed a black mamba
  2670 | D        | Noticed a black mamba
  2671 | D        | Noticed an anaconda
  2672 | D        | Killed a black mamba
  2674 | D        | Killed a black mamba
  2674 | D        | Reached skill level 10 in Translocations
  2678 | D        | Killed an anaconda
  2678 | D        | Reached skill level 10 in Charms
  2737 | D        | Noticed a naga
  2737 | D        | Noticed a naga
  2738 | D        | Noticed a naga warrior
  2738 | D        | Noticed a greater naga
  2738 | D        | Found Irghuewa's Antique Armour Shop.
  2738 | D        | Found Otijovea's Gadget Shoppe.
  2747 | D        | Killed a naga
  2752 | D        | Killed a greater naga
  2752 | D        | Reached skill level 18 in Stealth
  2752 | D        | Reached XP level 12. HP: 51/51 MP: 10/31
  2758 | D        | Killed a naga
  2883 | D        | Killed a naga warrior
  2913 | D        | Found Obanimul's Food Boutique.
  3059 | D        | Noticed a guardian serpent
  3061 | D        | Killed a guardian serpent
  3065 | D        | Got a serpentine rune of Zot
  3153 | D        | Learned a level 4 spell: Summon Lightning Spire
  3157 | D        | Noticed a swamp drake
  3157 | D        | Noticed a fire drake
  3158 | D        | Killed a fire drake
  3165 | D        | Killed a swamp drake
  3185 | D        | Noticed a blink frog
  3185 | D        | Noticed a blink frog
  3187 | D        | Noticed a blink frog
  3189 | D        | Noticed a blink frog
  3191 | D        | Killed a blink frog
  3192 | D        | Noticed a blink frog
  3195 | D        | Killed a blink frog
  3196 | D        | Killed a blink frog
  3197 | D        | Killed a blink frog
  3200 | D        | Killed a blink frog
  3200 | D        | Reached skill level 10 in Short Blades
  3276 | D        | Noticed Rupert
  3278 | D        | Killed Rupert
  3278 | D        | Reached skill level 15 in Spellcasting
  3315 | D        | Noticed a death yak
  3316 | D        | Noticed a death yak
  3316 | D        | Noticed a blink frog
  3317 | D        | Noticed an azure jelly
  3317 | D        | Noticed a death yak
  3317 | D        | Noticed an azure jelly
  3317 | D        | Noticed a blink frog
  3317 | D        | Noticed a death yak
  3318 | D        | Killed a death yak
  3319 | D        | Killed a blink frog
  3320 | D        | Killed a death yak
  3320 | D        | Reached skill level 19 in Stealth
  3321 | D        | Noticed a blink frog
  3321 | D        | Noticed a black mamba
  3322 | D        | Killed a death yak
  3324 | D        | Killed a blink frog
  3325 | D        | Noticed a black mamba
  3326 | D        | Killed a blink frog
  3327 | D        | Killed a death yak
  3339 | D        | Killed a black mamba
  3342 | D        | Killed a black mamba
  3637 | D        | Noticed Polyphemus
  3638 | D        | Noticed Ilsuiw
  3639 | D        | Killed Polyphemus
  3646 | D        | Killed Ilsuiw
  3646 | D        | Reached XP level 13. HP: 55/55 MP: 21/33
  3651 | D        | Found Guagypig's Jewellery Shoppe.
  3651 | D        | Found Loduotothra's Antique Weapon Boutique.
  3651 | D        | Found Lukobeos's Magic Scroll Emporium.
  3651 | D        | Noticed a sea snake
  3651 | D        | Noticed a merfolk javelineer
  3653 | D        | Killed a sea snake
  3676 | D        | Killed a merfolk javelineer
  3696 | D        | Got a barnacled rune of Zot
  3828 | D        | Noticed an azure jelly
  3832 | D        | Noticed an azure jelly
  3914 | D        | Noticed an elephant
  3914 | D        | Noticed an elephant
  3914 | D        | Noticed a dire elephant
  3914 | D        | Noticed a dire elephant
  3914 | D        | Noticed Gastronok
  3916 | D        | Killed Gastronok
  3916 | D        | Reached skill level 20 in Stealth
  3917 | D        | Killed a dire elephant
  3919 | D        | Killed a dire elephant
  3923 | D        | Killed an elephant
  3925 | D        | Killed an elephant
  4138 | D        | Noticed an orc warrior
  4139 | D        | Noticed an orc wizard
  4139 | D        | Noticed an orc warrior
  4139 | D        | Noticed an orc warrior
  4139 | D        | Noticed an orc warrior
  4139 | D        | Noticed an orc sorcerer
  4139 | D        | Noticed an orc knight
  4139 | D        | Noticed an orc sorcerer
  4139 | D        | Noticed an orc wizard
  4139 | D        | Found Buph's Assorted Antiques.
  4148 | D        | Killed an orc sorcerer
  4149 | D        | Killed an orc sorcerer
  4150 | D        | Killed an orc knight
  4157 | D        | Killed an orc wizard
  4158 | D        | Killed an orc warrior
  4159 | D        | Killed an orc wizard
  4161 | D        | Killed an orc warrior
  4163 | D        | Killed an orc warrior
  4164 | D        | Killed an orc warrior
  4275 | D        | Bought a scroll of identify for 60 gold pieces
  4275 | D        | Bought a scroll of identify for 60 gold pieces
  4275 | D        | Bought a scroll of identify for 60 gold pieces
  4337 | D        | Noticed a deep elf conjurer
  4337 | D        | Noticed a deep elf priest
  4337 | D        | Noticed a deep elf priest
  4337 | D        | Noticed a deep elf conjurer
  4337 | D        | Noticed a deep elf priest
  4353 | D        | Killed a deep elf conjurer
  4357 | D        | Killed a deep elf conjurer
  4364 | D        | HP: 2/82 [deep elf priest/a malign offering (23)]
  4364 | D        | Killed from afar by a deep elf priest

Vault maps used:
D:        dungeon_sprint_mu

Action                   |  1- 3 |  4- 6 |  7- 9 | 10-12 | 13-15 || total
-------------------------+-------+-------+-------+-------+-------++-------
Melee: Dagger            |    23 |    21 |    91 |    87 |   192 ||   414
 Cast: Corona            |     3 |       |       |       |       ||     3
       Ensorcelled Hiber |     1 |     2 |    40 |    28 |     2 ||    73
       Dazzling Spray    |       |     4 |     3 |    21 |    15 ||    43
       Tukima's Dance    |       |       |       |     1 |     1 ||     2
       Confuse           |       |       |       |       |     1 ||     1
Invok: Shadow Step       |       |       |     3 |    14 |     3 ||    20
  Use: Potion            |     5 |       |     1 |       |     3 ||     9
       Scroll            |     4 |       |       |       |     3 ||     7
 Stab: Sleeping          |     4 |     5 |    34 |    58 |     7 ||   108
       Invisible         |       |       |     2 |     8 |     1 ||    11
  Eat: Bread ration      |       |       |       |     1 |       ||     1
